 Dungeon Crawl Stone Soup version 0.17-a0-1533-g2f57bce (webtiles) character file.

36 emikaela the Skirmisher (level 3, -4/31 HPs)
             Began as a Demonspawn Chaos Knight on July 16, 2015.
             Slain by a gnoll
             ... wielding a +1 dagger of chaos
              (8 damage)
             ... on level 3 of the Dungeon.
             The game lasted 00:03:20 (1703 turns).

emikaela the Skirmisher (Demonspawn Chaos Knight)   Turns: 1703, Time: 00:03:20

Health: -4/31      AC:  5    Str: 12    XL:     3   Next: 19%
Magic:  0/3        EV: 11    Int: 13    God:    Xom [.*....]
Gold:   73         SH:  0    Dex: 13    Spells: 0 memorised, 2 levels left

rFire  . . .     SeeInvis .     B - -3 dagger (curse)
rCold  . . .     Clarity  .     b - +2 leather armour
rNeg   . . .     SustAt   .     (no shield)
rPois  .         Gourm    .     (no helmet)
rElec  .         Spirit   +     (no cloak)
rCorr  .         Warding  .     (no gloves)
rMut   .         Stasis   .     (no boots)
MR     +....                    (no amulet)
Stlth  +.........               (no ring)
                                z - ring of protection from magic

@: very slightly contaminated, somewhat resistant to hostile enchantments, very
unstealthy
A: magic shield
a: Renounce Religion


You were on level 3 of the Dungeon.
You worshipped Xom.
You were a plaything of Xom.
You were hungry.

You visited 1 branch of the dungeon, and saw 3 of its levels.

You collected 73 gold pieces.

Inventory:

Hand weapons
 a - a +1 falchion of chaos
 q - a +0 dagger
 B - a cursed -3 dagger (weapon)
Missiles
 f - 93 stones (quivered)
 g - 20 bolts
 k - 10 poisoned needles
 o - 15 arrows
 v - 5 sling bullets of flame
 w - 21 sling bullets
Armour
 b - a +2 leather armour (worn)
Jewellery
 y - an uncursed amulet of resist mutation
 z - a ring of protection from magic (left hand)
Scrolls
 i - a scroll of immolation
 j - a scroll of random uselessness
Potions
 e - a potion of mutation {unknown}
 h - a potion of agility {unknown}
 m - a potion of curing {unknown}
 p - 2 potions of might {unknown}
 r - a potion of flight {unknown}
 x - a potion of cure mutation {unknown}
Comestibles
 c - a bread ration
 n - a meat ration
 s - a royal jelly
 u - a slice of pizza
 A - a chunk of flesh


   Skills:
 + Level 4.3 Fighting
 - Level 2.6 Long Blades
 - Level 1.7 Armour
 - Level 0.8 Dodging


You had 2 spell levels left.
You didn't know any spells.

Dungeon Overview and Level Annotations

Branches:
Dungeon (3/15)

Altars:
Ashenzari
Dithmenos
Fedhas
Gozag
Okawaru
Qazlal
Vehumet


Innate Abilities, Weirdness & Mutations

When hurt, damage is shared between your health and your magic reserves.


Message History

The gnoll hits you with a dagger of chaos.
The gnoll closely misses you.
There is a stone staircase leading down here.
You climb downwards.
Found a cloak, a ring mail and 20 arrows.
There is a stone staircase leading up here.
You hit the gnoll but do no damage.
The gnoll is heavily wounded.
The gnoll closely misses you.
You hit the gnoll but do no damage.
The gnoll is heavily wounded.
The gnoll hits you but does no damage.
You hit the gnoll.
The gnoll is severely wounded.
The gnoll hits you with a dagger of chaos.
* * * LOW HITPOINT WARNING * * *
You hit the gnoll but do no damage.
The gnoll is severely wounded.
The gnoll hits you but does no damage.
You are electrocuted!
You die...

### #..
....#..
....#.. #####
....... ....#
....... ....#
....... ....#
.......#g...#
.......@....#
....##......#
. ........+
###[.....#
#.#....# #.
....# #.
..[.# #(
....#


You could see a gnoll.

Vanquished Creatures
  An ooze (D:1)
  A worm (D:2)
  A ball python (D:1)
  A giant cockroach (D:1)
  4 goblins
  5 hobgoblins
  4 jackals
  3 bats
  3 giant newts
  2 kobolds (D:1)
  A rat (D:2)
26 creatures vanquished.

Vanquished Creatures (others)
  A kobold (D:1)
1 creature vanquished.

Grand Total: 27 creatures vanquished

Notes
Turn   | Place    | Note
--------------------------------------------------------------
     0 | D:1      | emikaela the Demonspawn Chaos Knight began the quest for the Orb.
     0 | D:1      | Reached XP level 1. HP: 18/18 MP: 1/1
   190 | D:1      | Gained mutation: When hurt, damage is shared between your health and your magic reserves. [demonic ancestry]
   190 | D:1      | Reached XP level 2. HP: 24/24 MP: 2/2
   823 | D:1      | Reached skill level 4 in Fighting
   846 | D:1      | XOM: mild Conj miscast
   879 | D:1      | XOM: torment (15/25 hp)
  1045 | D:1      | Found an opulent altar of Gozag.
  1116 | D:2      | Reached XP level 3. HP: 27/30 MP: 1/3
  1126 | D:2      | XOM: mild Erth miscast
  1327 | D:2      | XOM: colour smoke trail
  1338 | D:2      | XOM: medium Ice miscast
  1560 | D:2      | XOM: mild Hex miscast
  1606 | D:2      | XOM: colour smoke trail
  1617 | D:2      | Found a shattered altar of Ashenzari.
  1625 | D:2      | Found an iron altar of Okawaru.
  1625 | D:2      | Found a radiant altar of Vehumet.
  1628 | D:2      | Found a stormy altar of Qazlal.
  1629 | D:2      | Found a shadowy altar of Dithmenos.
  1631 | D:2      | Found a blossoming altar of Fedhas.
  1703 | D:3      | Slain by a gnoll

Vault maps used:
D:1:      minmay_arrival_five_plusses, kennysheep_flooded_box, hex_tiny,
          serial_bayou_ford_a
D:2:      tgw_xom, minitemple, minmay_lizard_king

Action                   || total
-------------------------++-------
Melee: Falchion          ||    85
       Dagger            ||    22
Throw: Stone             ||     5
  Use: Scroll            ||     5
 Stab: Petrifying        ||     1
       Invisible         ||     2
  Eat: Chunk             ||     2
